 Dungeon Crawl Stone Soup version 0.31-a0-836-g3ceb0a68c4 (webtiles) character file.

Game seed: 11722909438598296912

31902 lunkers the Black Belt (level 14, -7/178 HPs)
             Began as a Meteoran Shapeshifter on Sept 26, 2023.
             Was a High Priest of Okawaru.
             Mangled by a hornet (12 damage)
             ... on level 5 of the Lair of Beasts.
             The game lasted 00:20:36 (6298 turns).

lunkers the Black Belt (Meteoran Shapeshifter)      Turns: 6298, Time: 00:20:36

Health: -7/178     AC: 27    Str: 16    XL:     14   Next: 31%
Magic:  15/15      EV:  2    Int: 12    God:    Okawaru [*****.]
Gold:   1221       SH:  0    Dex: 25    Spells: 13/13 levels left

rFire   . .          .
                       - Unarmed
rCold   + . .        (no shield)
rNeg    . . .        a - melded +1 animal skin
rPois   +            (helmet currently unavailable)
rElec   .            (cloak currently unavailable)
rCorr   .            (gloves currently unavailable)
SInv    .            (boots currently unavailable)
Will    +....        p - amulet of magic regeneration
Stlth   ++           j - +6 ring of dexterity
HPRegen 0.49/turn    z - ring of protection from cold
MPRegen 0.54/turn

%: no passive effects
@: tree-form, heroic, glowing
A: stationary, stasis, torment immunity, boosted hp, sense surroundings 2,
otherworldly, glowing, explore regen
a: Renounce Religion, Heroism, Finesse, Duel


You were on level 5 of the Lair of Beasts.
You worshipped Okawaru.
Okawaru was extremely pleased with you.
You were a tree.
You visited 3 branches of the dungeon, and saw 16 of its levels.
You also visited: Volcano.

You collected 1221 gold pieces.

Inventory:

Hand Weapons
 t - the +5 hand axe "Avuta" {protect, rF+ rC+ Will+ Dex-5}
   (You found it on level 4 of the Dungeon)

   Dex-5:     It affects your dexterity (-5).
   rF+:       It protects you from fire.
   rC+:       It protects you from cold.
   Will+:     It increases your willpower.
 E - a +4 double sword
Armour
 a - a +1 animal skin (melded)
 o - an orb of energy
 v - +0 steam dragon scales
 y - a +0 hat of willpower
Jewellery
 j - a +6 ring of dexterity (left branch)
 p - an amulet of magic regeneration (around neck)
 z - a ring of protection from cold (right branch)
 G - a ring of see invisible
Talismans
 c - a beast talisman
 d - a flux talisman
 e - a serpent talisman
 w - a maw talisman
Wands
 q - a wand of flame (10)
 r - a wand of roots (15)
Scrolls
 l - 2 scrolls of enchant weapon
 n - a scroll of teleportation
 x - 3 scrolls of fear
 A - 2 scrolls of amnesia
 B - 3 scrolls of identify
 F - 2 scrolls of immolation
Potions
 b - a potion of lignification
 f - 2 potions of ambrosia
 g - 2 potions of attraction
 h - 7 potions of curing
 i - 3 potions of enlightenment
 k - 7 potions of haste
 m - a potion of resistance
 s - 3 potions of might
 u - a potion of mutation
 C - a potion of cancellation
 D - a potion of brilliance {unknown}


   Skills:
 + Level 9.7(14.7) Fighting
 + Level 9.9(14.9) Dodging
 * Level 18.7(23.7) Unarmed Combat
 + Level 12.8 Shapeshifting


You had 13 spell levels left.
You didn't know any spells.
Your spell library contained the following spells:

 Spells                   Type           Power      Damage    Failure   Level
 Necrotise                Necr           0%         1d4       32%         1
 Sting                    Tmut/Pois      0%         1d3       32%         1
 Cigotuvi's Dreadful Rot  Necr/Pois/Air  0%         N/A       45%         2
 Poisonous Vapours        Pois/Air       0%         N/A       45%         2
 Scorch                   Fire           0%         2d5       45%         2
 Sigil of Binding         Hex            0%         N/A       69%         3
 Vampiric Draining        Necr           0%         2d6       69%         3
 Dimensional Bullseye     Hex/Tloc       0%         N/A       97%         4
 Dispel Undead            Necr           0%         3d6       97%         4
 Flame Wave               Conj/Fire      0%         2d4       97%         4
 Leda's Liquefaction      Hex/Erth       0%         N/A       97%         4
 Olgreb's Toxic Radiance  Pois           0%         N/A       97%         4
 Agony                    Necr           0%         N/A       100%        5
 Call Canine Familiar     Summ           Unusable   N/A       N/A         3
 Death Channel            Necr           Unusable   N/A       N/A         6
 Summon Cactus Giant      Summ           Unusable   N/A       N/A         6

Dungeon Overview and Level Annotations

Branches:
Dungeon (10/15) Zot: 1816  Temple (1/1) D:4 Zot: 530    Lair (5/5) D:10 Zot: 1578
 Spider (0/4) Lair:3        Slime (0/5) Lair:5          Orc (0/2) D:10
Volcano (visited)
  Swamp: Lair:2-3    Shoals: Lair:2-3

Altars:
Ashenzari
Cheibriados
Dithmenos
Fedhas
Gozag
Hepliaklqana
Kikubaaqudgha
Makhleb
Nemelex Xobeh
Okawaru
Qazlal
Ru
Sif Muna
Uskayaw
Wu Jian
Xom
Yredelemnul
Zin
The Shining One
Jiyva

Shops:
D:2 =


Innate Abilities, Weirdness & Mutations

You are a tree.
Your roots penetrate the ground, keeping you stationary.
You cannot be teleported.
You are immune to unholy pain and torment.
Your maximum health is greatly increased.
Your equipment is partially melded.
You passively map the area around you.
You are easily found by Zot.
You glow in the dark.
You regain HP and MP as you explore.


Message History

The polar bear closely misses you. The polar bear claws you.
* * * LOW HITPOINT WARNING * * *
A spriggan comes into view. It is wielding a +0 dagger.
The spriggan shouts!
The spriggan rider shouts!
You crush the polar bear!!! You grab the polar bear.
The polar bear is almost dead.
You constrict the polar bear.
You feel sick.
You hear an angry buzzing noise.
You hear a shout!
The spriggan rider barely misses you. The polar bear completely misses you.
The polar bear barely misses you.
The polar bear claws you but does no damage.
Unknown command.
You lash the polar bear!
You kill the polar bear!
Okawaru accepts your kill.
Unknown command.
You feel sick.
The spriggan rider hits you with a +0 spear!
* * * LOW HITPOINT WARNING * * *
The spriggan rider blocks your attack.
Your grab misses the spriggan rider.
You feel sick.
A hornet comes into view.
Unknown command.
You feel better. The spriggan rider closely misses you.
The spriggan hits you with a +0 dagger!
* * * LOW HITPOINT WARNING * * *
Your transformation has ended.
Your +1 animal skin unmelds from your body.
You turn into a tree.
Your +1 animal skin melds into your body.
Your roots penetrate the ground.
The spriggan rider hits you but does no damage.
The spriggan hits you but does no damage.
Unknown command.
You pummel the spriggan rider!! Your punch misses the spriggan rider.
The spriggan rider is moderately wounded.
The spriggan rider hits you with a +0 spear.
* * * LOW HITPOINT WARNING * * *
The hornet stings you!
You die...

## ##.## ### #
#.#.###.#♣ # #..ii...♣♣
# ### #.y♣♣♣...♣
#########.####.♣♣♣♣♣.♣♣
.##..##........♣ ♣♣.♣
....##....♣♣♣♣♣♣ ♣†♣♣
.........♣♣ * ** ♣.♣♣
.P#.#..♣♣♣ ♣[.♣
.##.#.♣♣** *, ♣♣..♣♣
.##♣#.♣ ** ♣.♣....♣ .#
♣♣♣ *, ♣....♣♣


You could see a spriggan rider, a hornet and a spriggan.

Vanquished Creatures
  Gastronok (D:10)
  Snorg (Lair:4)
  3 hydras (Lair:5)
  A two-headed ogre (D:10)
  2 boulder beetles (Lair:5)
  4 death yaks (Lair:5)
  Urug (Lair:5)
  2 skysharks
  2 skeletal warriors (Volcano)
  Amaemon (Lair:3)
  2 anaconda skeletons (Volcano)
  An alligator skeleton (Volcano)
  A cyclops (D:10)
  5 elephants (Lair:3)
  A manticore (Lair:5)
  2 black mambas (Lair:5)
  5 gargoyles (Volcano)
  An orange demon (Lair:3)
  5 cane toads
  Maggie (Lair:2)
  A rime drake (Lair:3)
  A komodo dragon (Lair:2)
  3 polar bears
  A hornet (Lair:5)
  A troll (D:9)
  Grinder (D:4)
  A harpy skeleton (Volcano)
  A dream sheep (Lair:5)
  3 flying skulls (Volcano)
  3 spriggans (Lair:5)
  2 shadows
  A wraith (D:9)
  18 yaks
  3 fire bats (Lair:1)
  A wyvern (D:9)
  2 basilisks
  2 redbacks (Lair:3)
  2 steam dragons
  Edmund (D:4)
  6 water moccasins
  2 sky beasts (D:8)
  3 orc warriors
  4 black bears
  3 ice beasts
  14 wolves
  2 centaurs
  3 phantoms
  2 kobold brigands
  7 bullfrogs
  A gnoll sergeant (D:7)
  2 scorpions
  13 killer bees
  3 troll skeletons (Volcano)
  4 howler monkeys
  2 spriggan skeletons (Volcano)
  7 hounds
  A jelly (D:6)
  4 orc priests
  3 iguanas
  3 orc wizards (D:9)
  2 naga skeletons (Volcano)
  A mummy (D:6)
  13 gnolls
  5 adders
  A shadow imp (D:5)
  A white imp (D:5)
  An ufetubus (D:7)
  3 worms
  2 dart slugs
  23 orcs
  3 bats
  5 endoplasms
  3 giant cockroaches
  4 goblins
  3 hobgoblins
  3 jackals (D:2)
  4 quokkas (D:1)
  4 ball pythons
  3 hobgoblin zombies (D:6)
  18 kobolds
  A kobold zombie (D:6)
  3 rats (D:1)
285 creatures vanquished.

Notes
Turn   | Place    | Note
-------+----------+-------------------------------------------
     0 | D:1      | lunkers the Meteoran Shapeshifter began the quest for the
                  | Orb.
     0 | D:1      | Reached XP level 1. HP: 16/16 MP: 2/2
   146 | D:1      | Reached XP level 2. HP: 21/23 MP: 3/3
   235 | D:1      | Reached skill level 4 in Unarmed Combat
   395 | D:2      | Reached XP level 3. HP: 22/28 MP: 4/4
   516 | D:2      | Found Hyizad Wyna's Jewellery Emporium.
   551 | D:2      | Reached XP level 4. HP: 35/35 MP: 5/5
   684 | D:2      | Reached skill level 5 in Unarmed Combat
   759 | D:3      | You fall into a shaft and drop 1 floor!
   836 | D:4      | Noticed an ice beast
   838 | D:4      | Noticed a black bear
   843 | D:4      | Killed an ice beast
   844 | D:4      | Reached skill level 6 in Unarmed Combat
   844 | D:4      | Reached XP level 5. HP: 23/40 MP: 6/6
   846 | D:4      | Killed a black bear
   847 | D:4      | Reached skill level 5 in Shapeshifting
   847 | D:4      | Reached XP level 6. HP: 25/47 MP: 7/7
   860 | D:4      | Reached skill level 7 in Unarmed Combat
   864 | D:4      | Reached XP level 7. HP: 22/52 MP: 8/8
   899 | D:3      | Found a snail-covered altar of Cheibriados.
  1106 | D:4      | Found a staircase to the Ecumenical Temple.
  1215 | D:4      | Noticed Grinder
  1226 | D:4      | Killed Grinder
  1227 | D:4      | Reached skill level 8 in Unarmed Combat
  1228 | D:4      | Found a blossoming altar of Fedhas.
  1243 | D:4      | Reached XP level 8. HP: 43/59 MP: 9/9
  1391 | D:4      | Noticed Edmund
  1400 | D:4      | Killed Edmund
  1401 | D:4      | Reached skill level 9 in Unarmed Combat
  1416 | D:4      | Identified the +5 hand axe "Avuta" {protect, rF+ rC+ Will+
                  | Dex-5}
  1456 | Temple   | Entered the Ecumenical Temple
  1497 | Temple   | Became a worshipper of Warmaster Okawaru
  1632 | D:5      | Entered Level 5 of the Dungeon
  1965 | D:5      | Reached * piety under Okawaru
  1966 | D:5      | Reached skill level 10 in Unarmed Combat
  1973 | D:5      | Gained mutation: You passively map the area around you.
                  | [Meteoran growth]
  1973 | D:5      | Reached XP level 9. HP: 49/64 MP: 10/10
  2207 | D:6      | Reached skill level 11 in Unarmed Combat
  2409 | D:6      | Reached ** piety under Okawaru
  2664 | D:7      | Reached skill level 12 in Unarmed Combat
  2855 | D:7      | Reached XP level 10. HP: 15/71 MP: 11/11
  3060 | D:8      | Found a stormy altar of Qazlal.
  3064 | D:8      | Found a sparkling altar of Nemelex Xobeh.
  3687 | D:9      | Reached *** piety under Okawaru
  3688 | D:9      | HP: 4/80 [poisoned by a killer bee]
  3855 | D:9      | Reached skill level 13 in Unarmed Combat
  4006 | D:9      | Reached **** piety under Okawaru
  4154 | D:10     | Entered Level 10 of the Dungeon
  4155 | D:10     | Noticed a cyclops
  4166 | D:10     | HP: 1/89 [cyclops (28)]
  4169 | D:10     | Killed a cyclops
  4219 | D:10     | Noticed a two-headed ogre
  4220 | D:10     | Found a staircase to the Orcish Mines.
  4227 | D:10     | Killed a two-headed ogre
  4228 | D:10     | Reached skill level 14 in Unarmed Combat
  4228 | D:10     | Reached XP level 11. HP: 53/85 MP: 12/12
  4230 | D:10     | Reached skill level 5 in Dodging
  4280 | D:10     | Noticed Gastronok
  4296 | D:10     | Killed Gastronok
  4296 | D:10     | Reached ***** piety under Okawaru
  4297 | D:10     | Reached skill level 5 in Fighting
  4297 | D:10     | Reached skill level 10 in Shapeshifting
  4313 | D:10     | Found a staircase to the Lair.
  4323 | Lair:1   | Entered Level 1 of the Lair of Beasts
  4459 | Lair:1   | Reached skill level 15 in Unarmed Combat
  4464 | Lair:1   | Received a gift from Okawaru
  4536 | Lair:1   | Found a dark tunnel.
  4547 | Volcano  | Entered a volcano
  4636 | Volcano  | Reached XP level 12. HP: 82/96 MP: 13/13
  4705 | Volcano  | Noticed a skeletal warrior
  4720 | Volcano  | Killed a skeletal warrior
  4720 | Volcano  | Received a gift from Okawaru
  4766 | Volcano  | Reached skill level 16 in Unarmed Combat
  4858 | Volcano  | Noticed a skeletal warrior
  4866 | Volcano  | Killed a skeletal warrior
  5058 | Lair:2   | Noticed a skyshark
  5065 | Lair:2   | Killed a skyshark
  5084 | Lair:2   | Received a gift from Okawaru
  5148 | Lair:2   | Noticed Maggie
  5156 | Lair:2   | Killed Maggie
  5292 | Lair:2   | Reached XP level 13. HP: 107/107 MP: 14/14
  5643 | Lair:3   | Found a hole to the Spider Nest.
  5666 | Lair:3   | Reached skill level 17 in Unarmed Combat
  5790 | Lair:3   | Noticed Amaemon
  5799 | Lair:3   | Killed Amaemon
  5807 | Lair:3   | Received a gift from Okawaru
  5888 | Lair:4   | Noticed Snorg
  5895 | Lair:4   | Killed Snorg
  5899 | Lair:5   | Entered Level 5 of the Lair of Beasts
  5899 | Lair:5   | Noticed a five-headed hydra
  5906 | Lair:5   | Noticed an eight-headed hydra
  5907 | Lair:5   | Killed a five-headed hydra
  5917 | Lair:5   | Killed an eight-headed hydra
  5953 | Lair:5   | Found a viscous altar of Jiyva.
  5954 | Lair:5   | Found a staircase to the Slime Pits.
  5956 | Lair:5   | Noticed Urug
  5964 | Lair:5   | Noticed an eight-headed hydra
  5969 | Lair:5   | Killed Urug
  5970 | Lair:5   | Reached skill level 18 in Unarmed Combat
  5973 | Lair:5   | Killed an eight-headed hydra
  6073 | Lair:5   | Received a gift from Okawaru
  6151 | Lair:5   | Noticed a boulder beetle
  6165 | Lair:5   | Reached XP level 14. HP: 100/118 MP: 15/15
  6294 | Lair:5   | HP: 5/142 [spriggan rider/+0 spear (8)]
  6298 | Lair:5   | Mangled by a hornet

Illustrated notes

Levels and vault maps discovered:
D:1:      dpeg_arrival_rooms_c, layout_basic, st_stairs_13, dk_noncrumbling_4
D:2:      layout_loops_ring, serial_shops, nicolae_shop_trees, shop,
          nicolae_shop_behind_doors, minmay_misc_feat_more_columns
D:3:      layout_rooms, nicolae_elyvilon_temple_path,
          mainiacjoe_overflow_alcove_4
D:4:      layout_loops_ring, fedhas_ov_isle_minmay, minmay_temple_entry_arrows,
          uniq_grinder, uniq_edmund
D:5:      layout_loops_cross, vehumet_statue, serial_bayou_pond_b
D:6:      layout_gridville, minmay_mini_ossuary
D:7:      layout_loops_ring, bloody_trog
D:8:      layout_basic, grunt_temple_overflow_open
D:9:      layout_irregular_city, serial_glass, glass_columns_b, glass_columns_a,
          serial_park_tiny_1, uniq_harold
D:10:     layout_rooms, grunt_lair_entry_orc_guard_hut, uniq_gastronok
Temple:   regret_index_temple_waves
Lair:1:   layout_gridlike, nicolae_volcano_entry_batcave, nicolae_lair_lil_pond,
          lemuel_fruit_fields
Lair:2:   layout_cave_pods, nicolae_lair_grove_arrangements,
          beast_lair_carwin_8, uniq_maggie
Lair:3:   layout_layer_cave, shoals_dummy_entry, spider_nest_entry_webs,
          lemuel_fruit_fields, lemuel_fruit_tree, uniq_nessos, uniq_sonja,
          uniq_amaemon
Lair:4:   layout_roguey, small_statue_intersection, serial_bayou_shore_a,
          uniq_snorg
Lair:5:   minmay_lair_end_enchanted_forest, layout_loops_ring, slime_entry_1,
          minmay_shattered_shrine, uniq_urug

Skill      XL: |  1  2  3  4  5  6  7  8  9 10 11 12 13 |
---------------+----------------------------------------+-----
Unarmed Combat | 4 6 7 8 10 12 14 15 16 18 | 18.7
Shapeshifting  | 4 5 6 7 8 9 10 11 12 | 12.8
Fighting       | 4 6 7 9 |  9.7
Dodging        | 4 6 7 9 |  9.9

Action                     |  1- 3 |  4- 6 |  7- 9 | 10-12 | 13-15 || total
---------------------------+-------+-------+-------+-------+-------++-------
  Melee: Unarmed           |    70 |    33 |   205 |   307 |   208 ||   823
         Punch             |     1 |     2 |       |       |       ||     3
         Constrict         |       |     6 |    49 |    71 |    45 ||   171
 Invoke: Heroism           |       |       |     1 |     7 |    11 ||    19
  Evoke: Wand              |       |       |       |       |     1 ||     1
    Use: Scroll            |       |       |    14 |     8 |     4 ||    26
         Potion            |       |       |       |     1 |     2 ||     3
 Armour: Animal skin       |    21 |       |       |       |       ||    21
         Skin              |       |    18 |   114 |   213 |   139 ||   484
  Dodge: Dodged            |    43 |    17 |    96 |   183 |   219 ||   558
   Form: Anaconda          |       |     1 |       |       |       ||     1

Table legend: (Time is in decaauts)
 A = Elapsed time spent in this place.
 B = Non-inter-level travel time spent in this place.
 C = Inter-level travel time spent in this place.
 D = Time resting spent in this place.
 E = Time spent auto-exploring this place.
 F = Levels seen in this place.
 G = Mean time per level.
                   A        B        C        D        E       F      G
               +--------+--------+--------+--------+--------+-----+--------+
         Total |   6093 |   5989 |    104 |    159 |   3450 |  17 |  358.4 |
       Dungeon |   4183 |   4080 |    103 |    100 |   2871 |  10 |  418.3 |
        Temple |     69 |     69 |      0 |      0 |      0 |   1 |   69.0 |
          Lair |   1421 |   1421 |      0 |      0 |    566 |   5 |  284.2 |
       Volcano |    419 |    419 |      0 |     59 |     13 |   1 |  419.0 |
               +--------+--------+--------+--------+--------+-----+--------+

Top non-repeatable levels by time:
     D:8: 759 daAuts
     D:4: 583 daAuts
  Lair:2: 514 daAuts
     D:9: 503 daAuts
     D:6: 436 daAuts
 Volcano: 419 daAuts
     D:5: 398 daAuts
     D:7: 383 daAuts
     D:2: 369 daAuts
     D:1: 357 daAuts
  Lair:5: 354 daAuts
  Lair:1: 265 daAuts
  Lair:3: 245 daAuts
     D:3: 233 daAuts
    D:10: 158 daAuts
